 Dungeon Crawl Stone Soup version 0.16.1-2-g95b8d4c (webtiles) character file.

22 hhkb the Cutter (level 3, -3/21 HPs)
             Began as a Kobold Wanderer on Mar 17, 2015.
             Slain by a gnoll
             ... wielding a +0 spear
              (7 damage)
             ... on level 2 of the Dungeon on Mar 24, 2015.
             The game lasted 00:06:47 (1156 turns).

hhkb the Cutter (Kobold Wanderer)                   Turns: 1156, Time: 00:06:47

Health: -3/21      AC:  3    Str: 11    XL:     3   Next: 7%
Magic:  3/3        EV: 12    Int:  9    God:
Gold:   78         SH:  5    Dex: 16    Spells: 0 memorised, 2 levels left

rFire  . . .     SeeInvis .     a - +2 short sword
rCold  . . .     Clarity  .     d - +0 robe
rNeg   . . .     SustAb   .     c - +0 buckler
rPois  .         Gourm    .     (no helmet)
rElec  .         Spirit   .     (no cloak)
rCorr  .         Warding  .     (no gloves)
rMut   .         Stasis   .     i - +0 pair of boots
MR     .....                    (no amulet)
Stlth  ++........               (no ring)
                                (no ring)

@: not resistant to hostile enchantments, unstealthy
A: carnivore 3
a: no special abilities


You were on level 2 of the Dungeon.
You were not hungry.

You visited 1 branch of the dungeon, and saw 2 of its levels.

You collected 78 gold pieces.

Inventory:

Hand weapons
 a - a +2 short sword (weapon)
 b - a +0 hand crossbow
Missiles
 e - 26 bolts
 l - 39 stones (quivered)
Armour
 c - a +0 buckler (worn)
 d - a +0 robe (worn)
 i - a +0 pair of boots (worn)
   (You found it on level 1 of the Dungeon)
Jewellery
 o - an uncursed ring of poison resistance {unknown}
   (You took it off a hobgoblin on level 1 of the Dungeon)
Scrolls
 h - 2 scrolls of recharging {unknown}
 k - a scroll of fear {unknown}
 q - 2 scrolls of identify {unknown}
 r - 2 scrolls of blinking {unknown}
Potions
 g - a potion of resistance {unknown}
 j - a potion of mutation {unknown}
 m - 2 potions of curing {unknown}
 n - a potion of might {unknown}
 p - a potion of heal wounds {unknown}
Comestibles
 f - a meat ration {@e2}


   Skills:
 - Level 2.1 Fighting
 - Level 4.4 Short Blades
 + Level 3.6 Crossbows
 - Level 1.0 Armour
 - Level 1.3 Stealth
 - Level 1.0 Shields


You had 2 spell levels left.
You didn't know any spells.

Dungeon Overview and Level Annotations

Branches:
Dungeon (2/15)

Altars:


Innate Abilities, Weirdness & Mutations

You are small and have problems with some larger weapons.
You are carnivorous and can eat meat at any time.


Message History

Things that are here:
a short sword; a kobold corpse Autochopping corpse.
You butcher the kobold corpse.
Things that are here:
a short sword; a poisonous chunk of flesh {@w0}
q - a scroll labeled ZYNONWY FIERGH
Things that are here:
a short sword; a poisonous chunk of flesh {@w0} You see here 6 needles of confusion.
You now have 41 gold pieces (gained 4).
You see here a runed dagger.
You now have 54 gold pieces (gained 13).
There is an open door here.
There is a staircase leading out of the dungeon here.
There is an open door here.
You see here a club.
Things that are here:
a dagger; a scale mail Done exploring.
You may need something to eat soon, looking for food.
Can't find anything matching that.
Sorry, you're not good enough to have a special ability.
Done exploring.
Done exploring.
Done exploring.
Done exploring.
Done exploring.
No target in view!
No target in view!
No target in view!
(D) Dungeon
Where to? (Enter - D:1 @ (x,y), ? - help)
Things that are here:
a short sword; a poisonous chunk of flesh {@w0}
There is an open door here.
You see here a club.
There is an open door here.
There is a stone staircase leading down here.
You climb downwards.
There is a stone staircase leading up here.
You may need something to eat soon, looking for food.
Can't find anything matching that.
Sorry, you're not good enough to have a special ability.
r - a scroll labeled PREMMI SOUVUSTEAR
q - 2 scrolls labeled ZYNONWY FIERGH (gained 1)
Found a stone staircase leading down.
You now have 67 gold pieces (gained 13).
r - 2 scrolls labeled PREMMI SOUVUSTEAR (gained 1)
You now have 78 gold pieces (gained 11).
You see here 9 poisoned needles.
Found a runed dagger.
Found a stone staircase leading up.
You may need something to eat soon, looking for food.
Can't find anything matching that.
Sorry, you're not good enough to have a special ability.
A gnoll comes into view. It is wielding a spear.
The gnoll shouts!
A gnoll is nearby!
A gnoll is nearby!
A gnoll is nearby!
A gnoll is nearby!
A gnoll is nearby!
Aim: a gnoll, wielding a spear You throw a stone.
The stone closely misses the gnoll.
Saving game... please wait.
Welcome back, hhkb the Kobold Wanderer.
Saving game... please wait.
Welcome back, hhkb the Kobold Wanderer.
Saving game... please wait.
Welcome back, hhkb the Kobold Wanderer.
b - a +0 hand crossbow (weapon)
A gnoll comes into view. It is wielding a vampiric spear.
The gnoll moves out of view.
The gnoll misses you.
No target in view!
Aim: a gnoll, wielding a spear You shoot a bolt.
The bolt hits the gnoll.
The gnoll hits you from afar with a spear.
You take 5 damage, and have 16/21 hp.
MASSIVE DAMAGE!!
Aim: a gnoll, wielding a spear (moderately wounded)
You shoot a bolt. The bolt barely misses the gnoll.
The gnoll closely misses you.
Aim: a gnoll, wielding a spear (moderately wounded)
You shoot a bolt. The bolt hits the gnoll.
The gnoll hits you from afar with a spear.
You take 4 damage, and have 12/21 hp.
You are too injured to fight recklessly!
Unknown command.
Unknown command.
Wear which item? (? for menu, Esc to quit)
Okay, then.
The gnoll hits you from afar with a spear!
* * * LOW HITPOINT WARNING * * *
You take 8 damage, and have 4/21 hp.
MASSIVE DAMAGE!!
a - a +2 short sword (weapon)
You block the gnoll's attack. The gnoll hits you with a spear!
You die...

# .. ..# #. #.#
#####....## .#.###..
#.(.......(
#......#.##.####..###
#......#..#(#
#......##.#(#
##......##..g####..##
.............@........
##......###..####....
#..))..# ##.#
#......####.#
#........##.#
#......#.##.####
...<#####.##....# .#.#
#.##..#.# #. #.###.#.#


You could see a gnoll.

Vanquished Creatures
  3 giant geckos (D:1)
  A bat (D:1)
  4 hobgoblins (D:1)
  2 giant cockroaches (D:1)
  4 giant newts (D:1)
  A goblin (D:1)
  2 kobolds (D:1)
  2 rats (D:1)
19 creatures vanquished.

Notes
Turn   | Place    | Note
--------------------------------------------------------------
     0 | D:1      | hhkb, the Kobold Wanderer, began the quest for the Orb.
     0 | D:1      | hhkb set off with: a +2 short sword, a +0 hand crossbow, a +0 buckler, a +0 robe, 29 bolts, a meat ration {@e2}
     0 | D:1      | Reached XP level 1. HP: 12/12 MP: 1/1
     0 | D:1      | Upgraded the game from 0.16.0-11-gd45b091 to 0.16.0-12-g7215832
     0 | D:1      | Upgraded the game from 0.16.0-12-g7215832 to 0.16.0-17-g811c1d7
    32 | D:1      | Reached skill level 3 in Short Blades
   158 | D:1      | Reached XP level 2. HP: 17/17 MP: 2/2
   375 | D:1      | Reached skill level 4 in Short Blades
   809 | D:1      | Reached XP level 3. HP: 21/21 MP: 3/3
  1144 | D:2      | Upgraded the game from 0.16.0-17-g811c1d7 to 0.16.1-2-g95b8d4c
  1153 | D:2      | HP: 4/21 [gnoll/spear (8)]
  1156 | D:2      | Slain by a gnoll

Action                   || total
-------------------------++-------
Melee: Short sword       ||    44
 Fire: Hand crossbow     ||     3
Throw: Stone             ||     2
 Stab: Sleeping          ||     2
  Eat: Chunk             ||     4

Vault maps used:
D:1:      onia_arrival_pentagram, minmay_misc_feat_secret_circle
D:2:      minivault_5

Table legend:
 A = Turns spent in this place as a percentage of turns spent in the entire game.
 B = Non-inter-level travel turns spent in this place as a percentage of non-inter-level travel turns spent in the entire game.
 C = Inter-level travel turns spent in this place as a percentage of turns spent in this place.
 D = Turns resting spent in this place as a percentage of non-inter-level travel turns spent in this place.
 E = Turns spent auto-exploring this place as a percentage of non-inter-level travel turns spent in this place.
 F = Non-inter-level travel turns spent in this place divided by the number of levels of this place that you've seen.
                   A       B       C       D       E      F
               +-------+-------+-------+-------+-------+----------------------
         Total | 100.0 | 100.0 |   0.6 |   0.4 |   7.8 | 262.5
       Dungeon | 100.0 | 100.0 |   0.6 |   0.4 |   7.8 | 262.5
               +-------+-------+-------+-------+-------+----------------------

Table legend:
 A = Kills in this place as a percentage of kills in entire the game.
 B = Kills by you in this place as a percentage of kills by you in the entire game.
 C = Kills by friends in this place as a percentage of kills by friends in the entire game.
 D = Other kills in this place as a percentage of other kills in the entire game.
 E = Experience gained in this place as a percentage of experience gained in the entire game.
 F = Experience gained in this place divided by the number of levels of this place that you have seen.
                   A       B       C       D       E      F
               +-------+-------+-------+-------+-------+----------------------
         Total | 100.0 | 100.0 |  -nan |  -nan | 100.0 |  16.0
       Dungeon | 100.0 | 100.0 |  -nan |  -nan | 100.0 |  16.0
               +-------+-------+-------+-------+-------+----------------------
